 Seeded DCSS version 0.29.1-13-g9f3cf754e1 (webtiles) character file.

Game seed: 16245865983455551772 (custom seed)

72 hikkokomori the Digger (level 3, 0/39 HPs)
             Began as a Demigod Earth Elementalist on Jan 27, 2023.
             Frozen to death by an endoplasm (5 damage)
             ... on level 3 of the Dungeon on Feb 9, 2023.
             The game lasted 00:01:38 (2425 turns).

hikkokomori the Digger (Demigod Earth Elementalist) Turns: 2425, Time: 00:01:39

Health: 0/39       AC: 21    Str:  9    XL:     3   Next: 80%
Magic:  8/9        EV:  2    Int: 21    God:
Gold:   122        SH:  0    Dex: 14    Spells: 6/7 levels left

rFire   . . .      SeeInvis .   (no weapon)
rCold   . . .      Faith    .   (no shield)
rNeg    . . .      Spirit   .   (body armour currently unavailable)
rPois   +          Reflect  .   (helmet currently unavailable)
rElec   .          Harm     .   (cloak currently unavailable)
rCorr   .          Rampage  .   (gloves currently unavailable)
Will    .....      NoTele   +   (boots currently unavailable)
Stlth   ++........              (no amulet)
HPRegen 0.13/turn               (no ring)
MPRegen 0.11/turn               (no ring)

@: mighty, tree-form
A: stationary, stasis, torment immunity, boosted hp, high MP 1, forlorn, divine
attributes
a: no special abilities


You were on level 3 of the Dungeon.
You were a tree.
You visited 1 branch of the dungeon, and saw 3 of its levels.

You collected 122 gold pieces.

Inventory:

Armour
 a - a +0 robe (melded)
Jewellery
 g - a +6 ring of intelligence
 h - a +6 ring of intelligence
Wands
 m - a wand of roots (4)
Scrolls
 c - 3 scrolls of acquirement {unknown}
 f - 2 scrolls of teleportation {unknown}
 i - 2 scrolls of identify {unknown}
 k - a scroll of summoning {unknown}
 l - a scroll of enchant weapon {unknown}
 n - a scroll of noise {unknown}
Potions
 b - a potion of magic
 e - a potion of flight


   Skills:
 - Level 1.7 Dodging
 + Level 2.8 Stealth
 + Level 2.5 Spellcasting
 - Level 0.8 Transmutations
 + Level 3.4 Earth Magic


You had 6 spell levels left.
You knew the following spells:

 Your Spells              Type           Power      Damage    Failure   Level
a - Sandblast             Erth           34%        2d9       3%          1

Your spell library contained the following spells:

 Spells                   Type           Power      Damage    Failure   Level
 Passwall                 Tmut/Erth      9%         N/A       9%          2
 Sting                    Tmut/Pois      16%        1d3       12%         1
 Stone Arrow              Conj/Erth      18%        3d8       21%         3
 Poisonous Vapours        Pois/Air       4%         N/A       22%         2
 Petrify                  Tmut/Erth      11%        N/A       50%         4
 Olgreb's Toxic Radiance  Pois           2%         N/A       80%         4
 Chain Lightning          Conj/Air       1%         3d1       100%        9
 Fire Storm               Conj/Fire      1%         7d1       100%        9
 Shatter                  Erth           8%         3d10*     100%        9


Dungeon Overview and Level Annotations

Branches:
Dungeon (3/15)

Shops:
D:3 [


Innate Abilities, Weirdness & Mutations

You are a tree.
Your roots penetrate the ground, keeping you stationary.
You cannot be teleported.
You are immune to unholy pain and torment.
Your maximum health is greatly increased.
Your equipment is partially melded.
You have an increased reservoir of magic. (+10% MP)
You shall have no god before yourself.
Your divine heritage dramatically boosts your attributes as you level up.


Message History

You are too injured to fight recklessly!
There are monsters nearby!
The orc throws a poisoned dart.
The poisoned dart misses you. The orc wizard casts a spell at you.
You are confused.
You bump into the rock wall.
It was a potion of flight.
You feel very buoyant.
You fly up into the air.
The orc hits you with a +0 club.
It was a potion of might.
You feel very mighty all of a sudden. The orc barely misses you.
The endoplasm freezes you.
You are frozen.
* * * LOW HITPOINT WARNING * * *
The orc wizard gestures wildly while chanting.
The orc wizard flickers and vanishes!
Deactivating autopickup; reactivate with Ctrl-A.
It was a potion of lignification.
You turn into a tree.
Your +0 robe melds into your body.
Your roots penetrate the ground.
The endoplasm hits you but does no damage.
The orc hits you but does no damage.
You are too confused!
You are too confused!
Unknown command.
You cannot move. (Use ctrl+direction or * direction to attack while stationary and confused.)
You cannot move. (Use ctrl+direction or * direction to attack while stationary and confused.)
You cannot move. (Use ctrl+direction or * direction to attack while stationary and confused.) Unknown command.
You attack the rock wall.
You feel less confused. The orc barely misses you. The endoplasm freezes you.
You are frozen.
* * * LOW HITPOINT WARNING * * *
You smack the orc!
You kill the orc!
The endoplasm freezes you.
You are frozen.
You die...

####.##### .#
.........# #.#
#.#...#.## #.#
..#.#...# #.#
#...∩)...# #.#
#..#.#...# #.#
##.#...#.J#######.#
.........o♣......>#
##.#.############.#
.....†..# #######.#
#.# #.# ####'#####
#........#
#........#


You could see an orc priest and an endoplasm.

Vanquished Creatures
  Jessica (D:2)
  An adder (D:2)
  2 orcs (D:3)
  2 ball pythons (D:1)
  3 bats
  4 endoplasms (D:1)
  2 goblins (D:1)
  5 hobgoblins
  4 kobolds
  3 quokkas (D:1)
  3 frilled lizards
  5 rats
35 creatures vanquished.

Vanquished Creatures (others)
  A plant (D:3)
1 creature vanquished.

Grand Total: 36 creatures vanquished

Notes
Turn   | Place    | Note
-------+----------+-------------------------------------------
     0 | D:1      | hikkokomori the Demigod Earth Elementalist began the quest
                  | for the Orb.
     0 | D:1      | Reached XP level 1. HP: 14/14 MP: 5/5
   374 | D:1      | Reached XP level 2. HP: 20/20 MP: 1/7
   489 | D:1      | Reached skill level 3 in Earth Magic
  1223 | D:2      | Reached XP level 3. HP: 6/26 MP: 2/9
  1544 | D:2      | Noticed Jessica
  1545 | D:2      | Killed Jessica
  2405 | D:3      | Found Ymmy Ciutu's Antique Armour Shoppe.
  2425 | D:3      | Frozen to death by an endoplasm

Illustrated notes

Levels and vault maps discovered:
D:1:      minmay_arrival_hallway, layout_loops_corners, basic_ecumenical_altar,
          minmay_unequal
D:2:      layout_loops_ring, uniq_jessica
D:3:      layout_basic, serial_shops, nicolae_shop_advertising_works
          [nicolae_subvault_shop_adworks], minmay_shallow_snake_nest,
          uniq_natasha

Skill      XL: |  1  2 |
---------------+-------+-----
Stealth        | 2 |  2.8
Spellcasting   | 2 |  2.5
Earth Magic    | 3 |  3.4
Dodging        | |  1.7
Transmutations | |  0.8

Action                   || total
-------------------------++-------
Melee: Unarmed           ||     3
       Punch             ||     1
 Cast: Sandblast         ||    44
  Use: Potion            ||     3
Armor: Skin              ||     2
Dodge: Dodged            ||     7
